 Dungeon Crawl Stone Soup version 0.30.0-30-g96aa6591b8 (webtiles) character file.

Game seed: 4592493042539161294

463 croobank the Conjurer (level 6, 0/46 HPs)
             Began as a Demonspawn Conjurer on June 26, 2023.
             Was an Initiate of Gozag.
             Slain by an adder (1 damage)
             ... on level 5 of the Dungeon.
             The game lasted 00:17:40 (5261 turns).

croobank the Conjurer (Demonspawn Conjurer)         Turns: 5261, Time: 00:17:41

Health: 0/46       AC:  5    Str:  8    XL:     6   Next: 79%
Magic:  1/11       EV: 12    Int: 21    God:    Gozag
Gold:   332        SH:  5    Dex: 11    Spells: 5/11 levels left

rFire   + . .        w - +0 hand axe (vamp)
rCold   + . .        (no shield)
rNeg    . . .        d - +0 robe
rPois   +            (no helmet)
rElec   +            (no cloak)
rCorr   +            f - +0 pair of gloves
SInv    .            (no boots)
Will    .....        q - amulet of reflection
Stlth   ++           (no ring)
HPRegen 0.27/turn    (no ring)
MPRegen 0.12/turn

%: reflection
@: resistant
A: rugged brown scales 2, powered by pain 1, weakness stinger 2
a: Renounce Religion, Potion Petition, Call Merchant, Bribe Branch


You were on level 5 of the Dungeon.
You worshipped Gozag.
Gozag was aware of your devotion.
You visited 1 branch of the dungeon, and saw 6 of its levels.

You collected 402 gold pieces.
You spent 13 gold pieces at shops.
You paid 57 gold pieces to Gozag.

Inventory:

Hand Weapons
 a - a +2 dagger
 b - a +0 sling
 k - a +0 short sword
 r - a +0 trident
 u - a +0 halberd of venom
 w - a +0 vampiric hand axe (weapon)
Missiles
 h - 3 poisoned darts
 o - 8 atropa-tipped darts
Armour
 d - a +0 robe (worn)
 f - a +0 pair of gloves (worn)
 m - a +0 leather armour
 v - an orb of guile
Jewellery
 e - a ring of wizardry
 p - a ring of fire
 q - an amulet of reflection (around neck)
Scrolls
 j - a scroll of noise
 n - 4 scrolls of identify
 s - a scroll of fog
Potions
 i - 2 potions of resistance
 l - a potion of flight


   Skills:
 * Level 2.2 Fighting
 + Level 3.3 Dodging
 + Level 3.6 Stealth
 + Level 3.4 Spellcasting
 + Level 5.1 Conjurations
 + Level 1.3 Hexes


You had 5 spell levels left.
You knew the following spells:

 Your Spells              Type           Power      Damage    Failure   Level
a - Magic Dart            Conj           100%       1d8       1%          1
b - Searing Ray           Conj           50%        2d6       2%          2
c - Dazzling Flash        Conj/Hex       34%        N/A       11%         3

Your spell library contained the following spells:

 Spells                   Type           Power      Damage    Failure   Level
 Fulminant Prism          Conj/Hex       8%         3d7       34%         4
 Volatile Blastmotes      Fire/Tloc      6%         2d10      36%         3
 Iskenderun's Mystic Bla  Conj/Tloc      14%        2d5       41%         4
 Olgreb's Toxic Radiance  Pois           3%         N/A       77%         4
 Starburst                Conj/Fire      7%         6d4       100%        6
 Discord                  Hex            4%         N/A       100%        8
 Ignition                 Fire           1%         3d3       100%        8


Dungeon Overview and Level Annotations

Branches:
Dungeon (6/15)             Temple (0/1) D:4

Altars:
Gozag
Makhleb
Ru
Uskayaw

Shops:
D:2 *

Annotations:
D:2 1 runed translucent door, Crazy Yiuf
D:4 Duvessa, Pikel


Innate Abilities, Weirdness & Mutations

You are mostly covered in rugged brown scales. (AC +2, +5% HP)
You sometimes gain a little power by taking damage.
You have a tail ending in a sharp stinger.


Message History

The shadow imp shouts!
An adder comes into view.
Casting: Searing Ray (safe; 2% risk of failure)
Confirm with . or Enter, or press ? or * to list all spells.
Aiming: Searing Ray (safe; 2% risk of failure)
Press: ? - help, Shift-Dir - straight line, f - shadow imp
Aim: a shadow imp (77% to hit)
The searing ray hits the shadow imp!
The shadow imp is severely wounded.
The shadow imp is no longer distracted by gold. (Press . to maintain the ray.)
The shadow imp gestures at you.
You barely resist.
The searing ray hits the shadow imp.
You kill the shadow imp!
The searing ray hits the adder.
The adder is heavily wounded.
A sky beast comes into view.
The adder bites you.
* * * LOW HITPOINT WARNING * * *
The adder attacks as you move away! The adder barely misses you.
The adder bites you.
* * * LOW HITPOINT WARNING * * *
Things that are here:
a +0 dagger; a +0 robe The adder attacks as you move away!
The adder misses you. The adder completely misses you.
There is a stone staircase leading up, spattered with blood here.
The adder closely misses you.
You climb upwards.
The gnoll hits you but does no damage. You block the gnoll's attack.
There is a stone staircase leading down here.
Okay, then.
As you read the scroll of fog, it crumbles to dust.
The scroll dissolves into smoke.
The adder bites you but does no damage.
The gnoll hits you from afar with a +0 spear.
* * * LOW HITPOINT WARNING * * *
The adder bites you.
You die...
Your body crumbles into a pile of gold.

#
######......######...#.........
#
#.....#######....#...#.........
#.....#..........#...#.........
#.....#.........##...########'#
#.....$.........##...##.......#
#.....#....##...##....#.......#
#..ggg#....##§§.##....#.......#
#.....#...g.gS§§#....##.......#
#.....#.....#§@g#....##.......#
#.....#.....#§§§#.....#.......#
.......#....##.§§##....#.......#
.......#....#######...##.......#
#....##...##...##.......#
+.......................#
#.......................#
#.......................#
#########################


You could see 2 gnolls and an adder.

Vanquished Creatures
  A scorpion (D:4)
  2 hounds (D:5)
  An orc priest (D:5)
  An iguana (D:5)
  2 orc wizards (D:6)
  7 gnolls
  5 adders
  A shadow imp (D:6)
  4 worms
  A dart slug (D:5)
  14 orcs
  7 ball pythons
  8 endoplasms
  A giant cockroach (D:2)
  5 goblins
  9 hobgoblins
  5 jackals
  7 kobolds
  3 quokkas
  3 bats
  3 frilled lizards
  10 rats
100 creatures vanquished.

Notes
Turn   | Place    | Note
-------+----------+-------------------------------------------
     0 | D:1      | croobank the Demonspawn Conjurer began the quest for the
                  | Orb.
     0 | D:1      | Reached XP level 1. HP: 13/13 MP: 3/3
   210 | D:1      | Gained mutation: You are partially covered in rugged brown
                  | scales. (AC +1, +3% HP) [demonic ancestry]
   210 | D:1      | Reached XP level 2. HP: 13/19 MP: 0/5
   393 | D:1      | Learned a level 2 spell: Searing Ray
  1101 | D:2      | Gained mutation: You sometimes gain a little power by
                  | taking damage. [demonic ancestry]
  1101 | D:2      | Reached XP level 3. HP: 24/24 MP: 1/6
  1368 | D:2      | Gained mutation: You are mostly covered in rugged brown
                  | scales. (AC +2, +5% HP) [demonic ancestry]
  1368 | D:2      | Reached XP level 4. HP: 24/31 MP: 3/7
  1422 | D:2      | Learned a level 3 spell: Dazzling Flash
  1463 | D:2      | Found a runed translucent door.
  1464 | D:2      | Noticed Crazy Yiuf
  1571 | D:2      | Found Vuhihaaj's General Store.
  1576 | D:2      | Bought a scroll of noise for 13 gold pieces
  2755 | D:3      | Found a sacrificial altar of Ru.
  2914 | D:3      | Gained mutation: You have a small tail. [demonic ancestry]
  2914 | D:3      | Reached XP level 5. HP: 31/36 MP: 6/9
  3293 | D:3      | Found an opulent altar of Gozag.
  3309 | D:3      | Became a worshipper of Gozag Ym Sagoz the Greedy
  3631 | D:4      | Reached skill level 1 in Fighting
  3714 | D:4      | Found a staircase to the Ecumenical Temple.
  3794 | D:4      | Found a burning altar of Makhleb.
  3890 | D:4      | Noticed Pikel
  3890 | D:4      | Noticed a lemure
  3890 | D:4      | Noticed a lemure
  3893 | D:4      | Noticed a lemure
  3893 | D:4      | Noticed a lemure
  4094 | D:5      | Entered Level 5 of the Dungeon
  4130 | D:5      | Found a hide-covered altar of Uskayaw.
  4279 | D:5      | Gained mutation: You have a tail ending in a sharp stinger.
                  | [demonic ancestry]
  4279 | D:5      | Reached XP level 6. HP: 24/45 MP: 1/10
  4873 | D:5      | Reached skill level 5 in Conjurations
  4873 | D:5      | Reached skill level 1 in Hexes
  4917 | D:4      | Noticed Duvessa
  5237 | D:6      | HP: 2/46 [something (1)]
  5251 | D:6      | Noticed a sky beast
  5254 | D:6      | HP: 2/46 [adder (2)]
  5261 | D:5      | HP: 1/46 [gnoll/+0 spear[a gnoll sergeant] (3)]
  5261 | D:5      | Slain by an adder

Illustrated notes

Levels and vault maps discovered:
D:1:      dpeg_arrival_simpleton_b, layout_loops_ring, minmay_pentomino_o2
D:2:      layout_loops_corners, serial_shops, shop, minmay_cut_off,
          uniq_crazy_yiuf_cottage
D:3:      layout_basic, lemuel_doored_altar, mainiacjoe_overflow_alcove_1
D:4:      layout_cave_pools, nicolae_overflow_squiral,
          mainiacjoe_overflow_alcove_4, minmay_temple_entry_stoned_glass,
          uniq_robin, uniq_ijyb, uniq_duvessa, uniq_pikel
D:5:      layout_gridville, mainiacjoe_overflow_chevrons
D:6:      layout_basic, nicolae_overflow_hidden_temple, uniq_menkaure

Skill      XL: |  1  2  3  4  5  6 |
---------------+-------------------+-----
Stealth        | 2 3 |  3.6
Dodging        | 2 3 |  3.3
Spellcasting   | 3 |  3.4
Fighting       | 1 2 |  2.2
Conjurations   | 5 |  5.1
Hexes          | 1 |  1.3

Action                     |  1- 3 |  4- 6 || total
---------------------------+-------+-------++-------
  Melee: Dagger            |    17 |    65 ||    82
         Punch             |     1 |       ||     1
         Tailslap          |       |     8 ||     8
         Hand axe          |       |    33 ||    33
   Fire: Sling             |    17 |    31 ||    48
   Cast: Magic Dart        |    16 |    16 ||    32
         Searing Ray       |    15 |    38 ||    53
         Dazzling Flash    |       |     5 ||     5
    Use: Scroll            |     3 |    11 ||    14
         Potion            |     1 |     5 ||     6
   Stab: Sleeping          |     1 |     5 ||     6
         Invisible         |       |     2 ||     2
 Armour: Robe              |     9 |    67 ||    76
  Dodge: Dodged            |    32 |   150 ||   182
  Block: Other             |       |    25 ||    25
